 Dungeon Crawl Stone Soup version 0.30-b1-2-g02819fbbbe (webtiles) character file.

Game seed: 1114262471560261024

8 protoss039 the Digger (level 2, 20/20 HPs)
             Began as a Demonspawn Earth Elementalist on July 4, 2023.
             Got out of the dungeon alive.
             The game lasted 00:00:22 (364 turns).

protoss039 the Digger (DsEE)                         Turns: 364, Time: 00:00:23

Health: 20/20      AC:  2    Str:  8    XL:     2   Next: 0%
Magic:  5/5        EV: 12    Int: 16    God:
Gold:   14         SH:  0    Dex: 13    Spells: 4/5 levels left

rFire   . . .        c - +0 spear
rCold   . . .        (no shield)
rNeg    . . .        a - +0 robe
rPois   .            (helmet restricted)
rElec   .            (no cloak)
rCorr   .            (no gloves)
SInv    .            (no boots)
Will    .....        (no amulet)
Stlth   ++           (no ring)
HPRegen 0.23/turn    (no ring)
MPRegen 0.09/turn

%: no passive effects
@: no status effects
A: horns 1
a: no special abilities


You escaped.
You visited 1 branch of the dungeon, and saw 1 of its levels.

You collected 14 gold pieces.

Inventory:

Hand Weapons
 c - a +0 spear (weapon)
Armour
 a - a +0 robe (worn)
Scrolls
 h - a scroll of noise {unknown}
 j - a scroll of amnesia {unknown}
Potions
 b - a potion of magic
 d - a potion of berserk rage {unknown}
 e - a potion of resistance {unknown}
 f - a potion of might {unknown}
 g - a potion of attraction {unknown}
 i - a potion of curing {unknown}


   Skills:
 + Level 0.8 Fighting
 - Level 1.7 Dodging
 - Level 1.7 Stealth
 + Level 2.2 Spellcasting
 - Level 0.8 Transmutations
 + Level 2.8 Earth Magic


You had 4 spell levels left.
You knew the following spells:

 Your Spells              Type           Power      Damage    Failure   Level
a - Sandblast             Erth           22%        2d7       6%          1

Your spell library contained the following spells:

 Spells                   Type           Power      Damage    Failure   Level
 Passwall                 Tmut/Erth      5%         N/A       14%         2
 Stone Arrow              Conj/Erth      12%        3d7       32%         3
 Petrify                  Tmut/Erth      7%         N/A       67%         4


Dungeon Overview and Level Annotations

Branches:
Dungeon (1/15) Zot: 5631

Altars:


Innate Abilities, Weirdness & Mutations

You have a pair of small horns on your head.


Message History

A kobold comes into view. It is wielding a +0 short sword.
There are monsters nearby!
There are monsters nearby!
You reach to attack!
The helpless ball python fails to defend itself.
You hit the ball python.
The ball python is heavily wounded.
The kobold shouts!
The kobold throws a stone.
The stone hits you but does no damage.
Casting: Sandblast (safe; 6% risk of failure)
Confirm with . or Enter, or press ? or * to list all spells.
Aiming: Sandblast (safe; 6% risk of failure)
Press: ? - help, Shift-Dir - straight line, f/p - ball python
Aim: a ball python (heavily wounded, 80% to hit)
The blast of sand hits the ball python!
You kill the ball python!
Unknown command.
Found a stone staircase leading down.
The kobold throws a stone.
The stone hits you.
Casting: Sandblast (safe; 6% risk of failure)
Confirm with . or Enter, or press ? or * to list all spells.
Aiming: Sandblast (safe; 6% risk of failure)
Press: ? - help, Shift-Dir - straight line, f - kobold
Aim: a kobold, wielding a +0 short sword and quivering stones (77% to hit)
The blast of sand hits the kobold!
You kill the kobold!
You have reached level 2!
Your demonic ancestry asserts itself...
A pair of horns grows on your head!
j - a scroll labelled GITWOI HALI You now have 14 gold pieces (gained 6).
There is a stone staircase leading down here.
A hobgoblin comes into view.
Things that are here:
a +0 dagger; a kobold skeleton
There is an open door here.
Found 12 gold pieces.
There is a staircase leading out of the dungeon here.
Are you sure you want to leave the Dungeon?
This will make you lose the game!
You have escaped!

..#...##...##...
#.##..####..##..# .
.. #..####..##..##
.. #>#
#)..##...##...##...
..
#..................
##................#
######..##..######
#####..##..######
#........@.......#
..................
...##...##...##...
.. ##..##..## .. .
#..##..# . ..$##...
....##.... ....#
##....


There were no monsters in sight!

Vanquished Creatures
  2 ball pythons (D:1)
  2 frilled lizards (D:1)
  3 kobolds (D:1)
  A rat (D:1)
8 creatures vanquished.

Notes
Turn   | Place    | Note
-------+----------+-------------------------------------------
     0 | D:1      | protoss039 the Demonspawn Earth Elementalist began the
                  | quest for the Orb.
     0 | D:1      | Reached XP level 1. HP: 13/13 MP: 3/3
   244 | D:1      | Gained mutation: You have a pair of small horns on your
                  | head. [demonic ancestry]
   244 | D:1      | Reached XP level 2. HP: 18/20 MP: 1/5
   364 | D:$      | Got out of the dungeon alive.

Illustrated notes

Levels and vault maps discovered:
D:1:      minmay_arrival_four_loops, layout_basic, serial_shops,
          nicolae_shop_mannequins

Action                     || total
---------------------------++-------
  Melee: Spear             ||    16
         Unarmed           ||     2
   Cast: Sandblast         ||     6
   Stab: Sleeping          ||     1
 Armour: Robe              ||     1
  Dodge: Dodged            ||    11
